 Dungeon Crawl Stone Soup version 0.27-a0-988-g25969acef8 (webtiles) character file.

Game seed: 16529926599957893883

5962 robertstho the Protected (level 10, -6/91 HPs)
             Began as a Minotaur Delver on Apr 15, 2021.
             Was a Priest of Okawaru.
             Killed by vampiric draining
             ... invoked by a vampire
              (18 damage)
             ... on level 8 of the Dungeon.
             The game lasted 00:17:16 (12015 turns).

robertstho the Protected (Minotaur Delver)         Turns: 12015, Time: 00:17:17

Health: -6/91      AC: 24    Str: 20    XL:     10   Next: 54%
Magic:  12/12      EV:  8    Int:  7    God:    Okawaru [***...]
Gold:   503        SH:  5    Dex: 15    Spells: 9/9 levels left

rFire    . . .     SeeInvis +   a - +1 hand axe
rCold    . . .     Faith    .   (no shield)
rNeg     . . .     Spirit   .   w - +1 plate armour of Repulsion {Dex+3 SInv}
rPois    .         Reflect  +   (helmet restricted)
rElec    .         Harm     .   l - +2 cloak {Stlth+}
rCorr    .         Rampage  .   b - +0 pair of gloves {Stlth+}
Will     ++...                  i - +2 pair of boots
Stlth    +.........             s - amulet of reflection
HPRegen  0.25/turn              k - ring of willpower
MPRegen  0.13/turn              m - ring of willpower

@: no status effects
A: horns 2, retaliatory headbutt
a: Renounce Religion, Heroism


You were on level 8 of the Dungeon.
You worshipped Okawaru.
Okawaru was most pleased with you.
You visited 2 branches of the dungeon, and saw 10 of its levels.
You visited the Abyss 1 time.

You collected 503 gold pieces.

Inventory:

Hand Weapons
 a - a +1 hand axe (weapon)
Missiles
 q - 5 curare-tipped darts (quivered)
Armour
 b - a +0 pair of gloves of stealth (worn)
 i - a +2 pair of boots (worn)
 l - a +2 cloak of stealth (worn)
 w - the +1 plate armour of Repulsion (worn) {Dex+3 SInv}
   (You found it on level 8 of the Dungeon)

   It affects your dexterity (+3).
   It lets you see invisible.
Jewellery
 k - a ring of willpower (left hand)
 m - a ring of willpower (right hand)
 o - a ring of fire
 s - an amulet of reflection (around neck)
 x - a +6 ring of intelligence
Wands
 f - a wand of paralysis (16)
 g - a wand of digging (3)
 n - a wand of iceblast (16)
 y - a wand of flame (21)
Scrolls
 c - 2 scrolls of fog
 d - 2 scrolls of magic mapping
 e - a scroll of fear
 h - 2 scrolls of blinking
 p - a scroll of enchant weapon
 r - a scroll of teleportation
 t - a scroll of immolation
 u - a scroll of enchant armour
Potions
 j - a potion of flight {unknown}
 v - a potion of lignification {unknown}


   Skills:
 * Level 9.2 Fighting
 + Level 10.0 Axes
 + Level 1.2 Throwing
 * Level 11.1 Armour
 + Level 2.8 Dodging
 + Level 5.3 Stealth
 + Level 3.0 Shields
 * Level 4.3 Invocations
 + Level 0.6 Evocations


You had 9 spell levels left.
You didn't know any spells.
Your spell library contained the following spells:

 Spells                   Type           Power      Damage    Failure   Level
 Animate Skeleton         Necr           0%         N/A       100%        1
 Corona                   Hex            0%         N/A       100%        1
 Pain                     Necr           0%         1d4       100%        1
 Sandblast                Erth           0%         2d4       100%        1
 Blink                    Tloc           N/A        N/A       100%        2
 Ensorcelled Hibernation  Hex/Ice        0%         N/A       100%        2
 Passwall                 Tmut/Erth      0%         N/A       100%        2
 Confusing Touch          Hex            0%         N/A       100%        3
 Dazzling Flash           Conj/Hex       0%         N/A       100%        3
 Gell's Gravitas          Tloc           0%         N/A       100%        3
 Lesser Beckoning         Tloc           0%         N/A       100%        3
 Stone Arrow              Conj/Erth      0%         3d7       100%        3
 Teleport Other           Tloc           0%         N/A       100%        3
 Tukima's Dance           Hex            0%         N/A       100%        3
 Vampiric Draining        Necr           0%         2d6       100%        3
 Animate Dead             Necr           0%         N/A       100%        4
 Petrify                  Tmut/Erth      0%         N/A       100%        4
 Agony                    Necr           0%         N/A       100%        5
 Lee's Rapid Deconstruct  Erth           0%         3d5*      100%        5
 Manifold Assault         Tloc           0%         N/A       100%        5


Dungeon Overview and Level Annotations

Branches:
Dungeon (9/15)             Temple (1/1) D:5
   Lair: D:8-11         Orc: D:9-12

Altars:
Ashenzari
Dithmenos
Elyvilon
Gozag
Hepliaklqana
Kikubaaqudgha
Makhleb
Okawaru
Qazlal
Ru
Sif Muna
Trog
Uskayaw
Wu Jian
Xom
Yredelemnul
Zin
The Shining One

Shops:
D:1 (

Annotations:
D:1 1178 glaive
D:3 Grinder
D:5 Dowan, Duvessa


Innate Abilities, Weirdness & Mutations

You have a pair of horns on your head.
You reflexively headbutt those who attack you in melee.


Message History

The vampire is moderately damaged.
You block the vampire's attack. The vampire closely misses you.
You closely miss the vampire.
The vampire is moderately damaged.
You hit the vampire but do no damage. Your headbutt misses the vampire.
The vampire is moderately damaged.
The vampire completely misses you. You furiously retaliate!
You headbutt the vampire. The vampire barely misses you.
You hit the vampire but do no damage.
You headbutt the vampire, but do no damage.
The vampire is heavily damaged.
The vampire hits you but does no damage.
The vampire bites you but does no damage.
You hit the vampire but do no damage.
The vampire is heavily damaged.
The vampire hits you but does no damage.
The vampire closely misses you.
You hit the vampire. You headbutt the vampire.
The vampire is severely damaged.
The vampire hits you but does no damage.
The vampire bites you but does no damage.
You hit the vampire but do no damage.
The vampire is severely damaged.
You hit the vampire but do no damage.
The vampire is severely damaged.
The vampire hits you. The vampire barely misses you.
You hit the vampire.
The vampire is severely damaged.
The vampire hits you!
* * * LOW HITPOINT WARNING * * *
The vampire bites you but does no damage.
You hit the vampire. You headbutt the vampire.
The vampire is almost destroyed.
The vampire draws life force from you!
* * * LOW HITPOINT WARNING * * *
The vampire is healed by the life force!
You hit the vampire but do no damage. Your headbutt misses the vampire.
The vampire is severely damaged.
The vampire draws life force from you!!
You die...

....)))..##......#
.........##......#
.........####'##.#
.........# #..#.#
.........# ##.#.#
.........# #.#.#
.........# #...#
.........# ##.V#
######'### #.@# #.# ##.#
#.#########.############
#.....[................#
#.#.#######.##########.#
######.#.#..........###.#
#.#
.......#.#..............#
#.#
########.#..............#
#.# #.#..........##..#
#.#


You could see a vampire.

Vanquished Creatures
  A thrashing horror (Abyss:1)
  A phantasmal warrior (Abyss:1)
  Psyche (D:8)
  Prince Ribbit (D:5)
  Sigmund (D:2)
  Eustachio (D:5)
  A steam dragon (D:7)
  Menkaure (D:4)
  A water moccasin (D:7)
  A hornet zombie (D:8)
  2 black bears
  5 orc warriors
  A sky beast (D:6)
  An ice beast (D:6)
  3 necrophages (D:8)
  An ogre (D:5)
  2 centaurs (D:8)
  A kobold brigand (D:7)
  Blork the orc (D:5)
  A bullfrog (D:8)
  A scorpion (D:4)
  A wyvern zombie (D:6)
  A wyvern skeleton (D:7)
  A water moccasin skeleton (D:7)
  8 killer bees
  5 wights (D:9)
  3 howler monkeys (D:7)
  A quasit (Abyss:1)
  6 centaur zombies
  2 gnoll shamans
  A human zombie (D:8)
  3 jellies (D:6)
  2 orc priests
  Crazy Yiuf (D:3)
  2 centaur skeletons
  Ijyb (D:3)
  An iguana (D:5)
  16 orc wizards
  A killer bee zombie (D:8)
  3 mummies (D:8)
  A hound zombie (D:5)
  2 howler monkey zombies
  A howler monkey skeleton (D:4)
  7 gnolls
  4 adders
  2 white imps
  A dart slug (D:1)
  34 orcs
  2 bats
  2 endoplasms
  A giant cockroach (D:2)
  7 goblins
  3 hobgoblins
  7 jackals
  13 kobolds
  2 quokkas (D:2)
  7 ball pythons
  5 frilled lizards
  5 rats
194 creatures vanquished.

Vanquished Creatures (others)
  2 plants (D:5)
2 creatures vanquished.

Grand Total: 196 creatures vanquished

Notes
Turn   | Place    | Note
-------+----------+-------------------------------------------
     0 | D:5      | robertstho the Minotaur Delver began the quest for the Orb.
     0 | D:5      | Reached XP level 1. HP: 19/19 MP: 0/0
    36 | D:3      | Reached XP level 2. HP: 18/27 MP: 1/1
   188 | D:3      | Noticed Ijyb
   216 | D:3      | Noticed Grinder
   323 | D:2      | Noticed Sigmund
   342 | D:2      | Found a faded altar of an unknown god.
   440 | D:2      | Reached skill level 1 in Armour
   636 | D:2      | Reached XP level 3. HP: 29/33 MP: 2/2
   784 | D:1      | Found Lor Usmi's Weapon Emporium.
  1797 | D:2      | Killed Sigmund
  1798 | D:2      | Reached skill level 3 in Armour
  1798 | D:2      | Reached skill level 5 in Stealth
  1798 | D:2      | Reached XP level 4. HP: 7/41 MP: 3/3
  1798 | D:2      | Reached XP level 5. HP: 8/47 MP: 4/4
  2147 | D:3      | Found a runed translucent door.
  2148 | D:3      | Noticed Crazy Yiuf
  2444 | D:3      | Killed Ijyb
  2643 | D:3      | Killed Crazy Yiuf
  2644 | D:3      | Reached XP level 6. HP: 6/55 MP: 5/5
  3154 | D:4      | Reached skill level 5 in Fighting
  3495 | D:4      | Reached skill level 4 in Armour
  3856 | D:4      | Noticed Menkaure
  3864 | D:4      | Killed Menkaure
  3865 | D:4      | Reached XP level 7. HP: 34/61 MP: 6/6
  4145 | D:4      | Found a shimmering blue altar of Sif Muna.
  4145 | D:4      | Found a hazy altar of Hepliaklqana.
  4250 | D:5      | Noticed Eustachio
  4317 | D:5      | Noticed Prince Ribbit
  4346 | D:5      | Reached skill level 5 in Axes
  4346 | D:5      | Reached skill level 5 in Armour
  4601 | D:5      | Killed Eustachio
  4612 | D:5      | Killed Prince Ribbit
  4613 | D:5      | Reached skill level 6 in Armour
  4958 | D:5      | Reached XP level 8. HP: 65/70 MP: 7/7
  5026 | D:5      | Found an ornate altar of the Wu Jian Council.
  5036 | D:5      | Noticed Dowan
  5038 | D:5      | Noticed Duvessa
  5039 | D:5      | Found a staircase to the Ecumenical Temple.
  5428 | D:5      | Noticed Blork the orc
  5437 | D:5      | Reached skill level 1 in Throwing
  5437 | D:5      | Reached skill level 7 in Armour
  6330 | D:6      | Reached skill level 8 in Armour
  6949 | D:5      | Killed Blork the orc
  7278 | Temple   | Entered the Ecumenical Temple
  7286 | Temple   | Became a worshipper of Warmaster Okawaru
  7413 | D:6      | Reached skill level 9 in Armour
  7795 | D:6      | Reached XP level 9. HP: 79/79 MP: 8/8
  7886 | D:6      | Found a shadowy altar of Dithmenos.
  8276 | D:7      | Reached skill level 1 in Invocations
  8320 | D:7      | Reached * piety under Okawaru
  8754 | D:7      | Reached skill level 1 in Shields
  8922 | D:8      | Noticed Psyche
  8937 | D:8      | Cast into level 1 of the Abyss (Psyche)
  8957 | Abyss:1  | Noticed an orange demon
  9261 | Abyss:1  | Found a corrupted altar of Lugonu.
  9283 | Abyss:1  | Noticed a thrashing horror
  9300 | Abyss:1  | Killed a thrashing horror
  9301 | Abyss:1  | Reached skill level 10 in Armour
  9414 | Abyss:1  | Noticed a phantasmal warrior
  9440 | Abyss:1  | Killed a phantasmal warrior
  9441 | Abyss:1  | Reached XP level 10. HP: 29/90 MP: 9/11
  9443 | D:8      | Escaped the Abyss
  9460 | D:8      | Killed Psyche
  9460 | D:8      | Reached ** piety under Okawaru
  9857 | D:8      | Found a stormy altar of Qazlal.
 10218 | D:8      | Identified the +1 plate armour of Repulsion {Dex+3 SInv}
 11101 | D:8      | Found an ancient bone altar of Kikubaaqudgha.
 11280 | D:9      | Reached skill level 11 in Armour
 11769 | D:9      | Found a bloodstained altar of Trog.
 11887 | D:9      | Found a burning altar of Makhleb.
 11945 | D:9      | Reached *** piety under Okawaru
 11971 | D:9      | Reached skill level 10 in Axes
 12015 | D:8      | Killed from afar by a vampire

Illustrated notes

Levels and vault maps discovered:
D:1:      dpeg_arrival_circle_labyrinth_a, layout_rooms, serial_shops,
          nicolae_shop_stone, item_on_display_a
D:2:      layout_basic, ebering_ecumenical_altar_petrified, uniq_sigmund
D:3:      layout_basic, uniq_grinder, uniq_ijyb, uniq_crazy_yiuf_cottage
D:4:      layout_basic, gammafunk_temple_overflow_elements, uniq_menkaure
D:5:      layout_cave_pools, kennysheep_mini,
          minmay_temple_entry_gardened_gates, uniq_blork_the_orc,
          uniq_eustachio, uniq_prince_ribbit1, uniq_duvessa
D:6:      layout_loops_corners, lemuel_tele_altar
D:7:      layout_gridville, grunt_decor_resistance
D:8:      layout_basic, lemuel_mausoleum_altar_kikubaaqudgha,
          overflow_temple_1_default, uniq_psyche
D:9:      layout_gridville, lemuel_coloured_pillars_altar, bloody_makhleb,
          minivault_23, minmay_misc_feat_iff, corner_web_ring
Temple:   eino_temple_lava

Skill      XL: |  1  2  3  4  5  6  7  8  9 10 |
---------------+-------------------------------+-----
Armour         | 1 3 4 6 9 10 11 | 11.1
Fighting       | 4 5 6 7 8 9 |  9.2
Axes           | 3 4 5 7 9 10 | 10.0
Stealth        | 5 |  5.3
Throwing       | 1 |  1.2
Invocations    | 3 4 |  4.3
Shields        | 1 3 |  3.0
Dodging        | |  2.8
Evocations     | |  0.6

Action                   |  1- 3 |  4- 6 |  7- 9 | 10-12 || total
-------------------------+-------+-------+-------+-------++-------
Melee: Hand axe          |    88 |    73 |   406 |   234 ||   801
       Headbutt          |     6 |    13 |    91 |    61 ||   171
Throw: Dart              |       |       |     8 |       ||     8
Invok: Heroism           |       |       |     2 |     1 ||     3
Evoke: Wand              |       |       |     2 |     7 ||     9
  Use: Potion            |     4 |     2 |     3 |       ||     9
       Scroll            |       |       |     5 |     1 ||     6
 Stab: Sleeping          |    10 |       |       |       ||    10
Armor: Leather armour    |    34 |       |       |       ||    34
       Plate armour      |       |    57 |   400 |   179 ||   636
       Skin              |       |       |       |     1 ||     1
Dodge: Dodged            |    54 |    16 |   190 |    99 ||   359
Block: Other             |       |       |    48 |    67 ||   115
       Reflection        |       |       |     1 |     4 ||     5

Table legend: (Time is in decaauts)
 A = Elapsed time spent in this place.
 B = Non-inter-level travel time spent in this place.
 C = Inter-level travel time spent in this place.
 D = Time resting spent in this place.
 E = Time spent auto-exploring this place.
 F = Levels seen in this place.
 G = Mean time per level.
                   A        B        C        D        E       F      G
               +--------+--------+--------+--------+--------+-----+--------+
         Total |  11906 |  11292 |    614 |   2986 |   6349 |  11 | 1082.4 |
       Dungeon |  11414 |  10807 |    607 |   2687 |   6317 |   9 | 1268.2 |
        Temple |     15 |      8 |      7 |      0 |      1 |   1 |   15.0 |
         Abyss |    475 |    475 |      0 |    299 |     31 |   1 |  475.0 |
               +--------+--------+--------+--------+--------+-----+--------+

Top non-repeatable levels by time:
     D:4: 2174 daAuts
     D:6: 2160 daAuts
     D:8: 2058 daAuts
     D:2: 1248 daAuts
     D:3: 1185 daAuts
     D:5: 796 daAuts
     D:7: 709 daAuts
     D:1: 580 daAuts
     D:9: 501 daAuts
 Abyss:1: 475 daAuts
  Temple: 15 daAuts
